 Dungeon Crawl Stone Soup version 0.27.0-1-g7a089689b8 (webtiles) character file.

Game seed: 2010993078926569570

94 Naeght the Poker (level 4, -2/34 HPs)
             Began as a Merfolk Gladiator on Aug 17, 2021.
             Killed by divine providence
             ... invoked by an orc priest
              (13 damage)
             ... on level 1 of the Dungeon.
             The game lasted 00:06:56 (2604 turns).

Naeght the Poker (Merfolk Gladiator)                Turns: 2604, Time: 00:06:57

Health: -2/34      AC:  3    Str: 14    XL:     4   Next: 63%
Magic:  5/5        EV: 14    Int:  8    God:
Gold:   89         SH:  0    Dex: 15    Spells: 1/5 levels left

rFire    . . .     SeeInvis .   a - +0 trident
rCold    . . .     Faith    .   (no shield)
rNeg     . . .     Spirit   .   j - +0 robe
rPois    .         Reflect  .   c - +0 helmet
rElec    .         Harm     .   (no cloak)
rCorr    .         Rampage  .   (no gloves)
Will     .....                  (no boots)
Stlth    +.........             (no amulet)
HPRegen  0.11/turn              f - ring of wizardry
MPRegen  0.09/turn              (no ring)

@: no status effects
A: (nimble swimmer 2), mertail
a: no special abilities


You were on level 1 of the Dungeon.
You visited 1 branch of the dungeon, and saw 3 of its levels.

You collected 89 gold pieces.

Inventory:

Hand Weapons
 a - a +0 trident (weapon)
Missiles
 d - 3 throwing nets
 e - 23 poisoned darts (quivered)
Armour
 c - a +0 helmet (worn)
 j - a +0 robe (worn)
Jewellery
 f - a ring of wizardry (left hand)
Scrolls
 g - a scroll of identify {unknown}
 h - a scroll of magic mapping {unknown}
 i - a scroll of enchant weapon {unknown}
Potions
 b - a potion of curing {unknown}


   Skills:
 - Level 2.6 Fighting
 * Level 5.4 Polearms
 - Level 2.0 Throwing
 - Level 4.4 Dodging
 + Level 1.2 Spellcasting
 * Level 2.2 Summonings


You had one spell level left.
You knew the following spells:

 Your Spells              Type           Power      Damage    Failure   Level
a - Summon Small Mammal   Summ           16%        N/A       6%          1
b - Call Canine Familiar  Summ           4%         N/A       19%         3

Your spell library contained the following spells:

 Spells                   Type           Power      Damage    Failure   Level
 Sublimation of Blood     Necr           0%         N/A       24%         2
 Wereblood                Tmut           0%         N/A       24%         2
 Summon Guardian Golem    Hex/Summ       2%         N/A       28%         3
 Summon Hydra             Summ           2%         N/A       100%        7


Dungeon Overview and Level Annotations

Branches:
Dungeon (3/15)

Altars:

Shops:
D:1 (

Annotations:
D:2 Robin


Innate Abilities, Weirdness & Mutations

((You are quick and stealthy near water. (Stealth+, EV+, Speed+++)))
Your lower body shifts to a powerful aquatic tail in water.


Message History

You kill the hobgoblin!
You start resting.
HP restored.
There is a stone staircase leading down here.
There is an open door, spattered with blood here.
Things that are here:
a +0 mace; a +0 scale mail Done exploring.
Done exploring.
Done exploring.
There is a stone staircase leading down here.
You climb downwards.
Level annotation: Robin The hobgoblin hits you but does no damage.
The hobgoblin hits you.
There is a stone staircase leading up here.
You closely miss the hobgoblin. The hobgoblin misses you.
You closely miss the hobgoblin. The hobgoblin closely misses you.
The hobgoblin hits you. The orc priest misses you.
You climb upwards.
There is a stone staircase leading down here.
You hit the orc priest but do no damage.
The hobgoblin closely misses you. The orc priest hits you with a +0 club.
You closely miss the orc priest. The hobgoblin misses you.
The orc priest hits you with a +0 club.
You hit the orc priest.
The orc priest is lightly wounded.
The hobgoblin hits you.
The orc priest invokes the aid of Beogh against you.
Beogh smites you!
You hit the orc priest.
The orc priest is moderately wounded.
The hobgoblin closely misses you.
The orc priest looks braver for a moment.
You hit the orc priest.
The orc priest is moderately wounded.
The hobgoblin closely misses you.
The orc priest calls down the wrath of Beogh upon you.
Beogh smites you!
You die...

≈≈≈≈≈.#........#.#.#.#.#.'##.#.#.
≈≈≈≈..#.######.#.#.#.#.#≈#<#.#.#.
≈≈≈≈..#......#...#.#.#.#)###.#≈#.
≈≈≈≈≈.####.......#.#.#.##...##.#≈
≈≈≈≈≈....'.......#.#.##.###.#.##.
≈≈≈.≈#####.......#.##.##.....##.#
≈≈≈≈.#..............##.#######.##
≈≈≈..#...........g..(##.......##.
≈≈≈≈.#..........@o##..#########..
.≈...........#.#[####............
.............#.#.# #############
##...........#.#.#
.............#.#.#
##...........#.#.#
#...........#.#.#
###'#########.#.#
#.............#.################


You could see an orc priest and a hobgoblin.

Vanquished Creatures
  A hound (D:2)
  An adder (D:2)
  2 dart slugs (D:1)
  3 orcs
  6 ball pythons
  4 endoplasms
  A giant cockroach (D:2)
  5 goblins
  6 hobgoblins
  6 jackals
  2 kobolds (D:2)
  3 bats
  A frilled lizard (D:1)
  3 rats
44 creatures vanquished.

Vanquished Creatures (collateral kills)
  A bat (D:2)
  A goblin (D:2)
  A hobgoblin (D:2)
3 creatures vanquished.

Vanquished Creatures (others)
  3 fungi (D:2)
3 creatures vanquished.

Grand Total: 50 creatures vanquished

Notes
Turn   | Place    | Note
-------+----------+-------------------------------------------
     0 | D:1      | Naeght the Merfolk Gladiator began the quest for the Orb.
     0 | D:1      | Reached XP level 1. HP: 16/16 MP: 1/1
   357 | D:1      | Reached XP level 2. HP: 23/23 MP: 2/2
   506 | D:1      | Found Violoperch's Weapon Emporium.
   546 | D:1      | Reached skill level 5 in Polearms
  1050 | D:1      | Learned a level 1 spell: Summon Small Mammal
  1346 | D:1      | Found a faded altar of an unknown god.
  1597 | D:2      | Reached XP level 3. HP: 28/28 MP: 3/3
  1776 | D:2      | Reached skill level 1 in Summonings
  1797 | D:2      | Reached skill level 1 in Spellcasting
  1797 | D:2      | Reached XP level 4. HP: 28/34 MP: 1/5
  1991 | D:1      | Learned a level 3 spell: Call Canine Familiar
  2336 | D:2      | Noticed Robin
  2604 | D:1      | Killed from afar by an orc priest

Illustrated notes

Levels and vault maps discovered:
D:1:      evilmike_arrival_rings, layout_basic, serial_shops, shop,
          chequers_ecumenical_altar_island
D:2:      layout_loops_ring, minmay_crystal_water, minmay_bisected,
          uniq_sigmund, uniq_crazy_yiuf_cottage, uniq_robin, uniq_jessica
D:3:      layout_loops_cross, nicolae_uskayaw_murder_on_the_dancefloor,
          ebering_ghost_disaster_area, minmay_misc_feat_room, minivault_24,
          st_stairs_11, minmay_starry_boxes

Skill      XL: |  1  2  3  4 |
---------------+-------------+-----
Polearms       | 5 |  5.4
Summonings     | 1 2 |  2.2
Spellcasting   | 1 |  1.2
Fighting       | |  2.6
Throwing       | |  2.0
Dodging        | |  4.4

Action                   |  1- 3 |  4- 6 || total
-------------------------+-------+-------++-------
Melee: Trident           |    94 |    82 ||   176
Throw: Dart              |     2 |     4 ||     6
 Cast: Summon Small Mamm |     5 |       ||     5
       Call Canine Famil |       |     1 ||     1
 Stab: Sleeping          |     1 |     1 ||     2
Armor: Leather armour    |    20 |       ||    20
       Robe              |       |    17 ||    17
Dodge: Dodged            |    62 |    62 ||   124
